AoeStats
← SHUN

Nomad

510553110Analyzed
2v2 RM · 1d ago on Oct 1, 2026· 42m 42s· 4 players
Game mode
Random Map
Map size
176×176
Population
200
Speed
Normal
Resources
Standard
Victory
Conquest
Starting age
Dark Age
Ending age
Imperial Age
RankedLock teamsTeams togetherTeam positionsShared explorationLock speedFull tech treeHidden civsTurbo modeCheats
Victory
Defeat
🇹🇷 Persians · Türkiye
1029
+15
🇫🇷 Franks · France
1008
+16
🇧🇴 Huns · Bolivia
1033
-16
🇧🇴 Varangians · Bolivia
987
-15
°||° FeeZåNøv [™]
6:03 Loom
14:52 Feudal Age
15:38 Double-Bit Axe
20:57 Castle Age
21:07 Wheelbarrow
22:25 Stone Mining
22:25 Gold Mining
22:55 Bow Saw
30:05 Imperial Age
28:57 Scale Barding Armor
29:02 Forging
29:29 Hand Cart
29:53 Gold Shaft Mining
29:59 Chain Barding Armor
30:16 Husbandry
31:07 Iron Casting
30:43 Cavalier
34:20 Plate Barding Armor
34:46 Blast Furnace
38:12 Paladin
remoba66_
3:12 Loom
15:43 Feudal Age
19:47 Castle Age
17:31 Horse Collar
18:53 Double-Bit Axe
20:20 Wheelbarrow
21:36 Heavy Plow
22:56 Hand Cart
24:10 Bow Saw
25:22 Medium Warships
29:45 Man-at-Arms
30:38 Scale Barding Armor
37:12 Imperial Age
35:31 Chain Barding Armor
37:28 Forging
36:52 Cavalier
37:52 Husbandry
38:50 Plate Barding Armor
38:51 Iron Casting
38:13 Savar
40:23 Crop Rotation
40:58 Two-Man Saw
42:10 Blast Furnace
SHUN
17:25 Feudal Age
22:26 Castle Age
23:31 Double-Bit Axe
24:27 Wheelbarrow
24:13 Medium Warships
25:53 Hand Cart
27:36 Bow Saw
27:18 Gold Mining
27:20 Stone Mining
27:41 Padded Archer Armor
27:32 Fletching
29:11 Thumb Ring
30:39 Gold Shaft Mining
30:21 Leather Archer Armor
30:02 Bodkin Arrow
32:02 Scale Barding Armor
37:25 Imperial Age
34:43 Loom
37:03 Chain Barding Armor
37:07 Ballistics
38:47 Conscription
37:50 Heavy Cavalry Archer
38:56 Parthian Tactics
39:34 Chemistry
38:36 Bracer
OscarNassir
7:09 Loom
15:22 Feudal Age
19:47 Castle Age
17:46 Double-Bit Axe
18:55 Forging
18:45 Scale Mail Armor
19:07 Fishing Lines
32:20 Gillnets
33:38 Wheelbarrow
32:49 Town Watch
37:13 Fletching
37:23 Padded Archer Armor
37:21 Vendel Legacy
Connection lost

Rejoining the realm…

Still unreachable

The connection could not be restored.

Session expired

The server has moved on; the page needs a fresh start.